 Dungeon Crawl Stone Soup version 0.27.1-34-g3ba077fa99 (webtiles) character file.

Game seed: 11093325927779580053

5254 Descartes the Nimble (level 10, -1/46 HPs)
             Began as a Spriggan Wanderer on Jan 6, 2022.
             Was an Initiate of Gozag.
             Splashed by an acid dragon's acid (9 damage)
             ... on level 9 of the Dungeon.
             The game lasted 00:46:23 (14111 turns).

Descartes the Nimble (Spriggan Wanderer)           Turns: 14111, Time: 00:46:26

Health: -1/46      AC: -1    Str:  8    XL:     10   Next: 36%
Magic:  17/17      EV: 27    Int: 14    God:    Gozag
Gold:   839        SH:  0    Dex: 18    Spells: 9/17 levels left

rFire    . . .     SeeInvis +   J - +1 dagger (venom)
rCold    . . .     Faith    .   (shield restricted)
rNeg     . . .     Spirit   .   c - +0 robe
rPois    .         Reflect  .   (helmet restricted)
rElec    .         Harm     .   M - +0 cloak
rCorr    .         Rampage  .   (gloves unavailable)
Will     +....                  (boots unavailable)
Stlth    ++........             N - amulet of the acrobat
HPRegen  0.15/turn              t - +4 ring of evasion
MPRegen  0.15/turn              D - +4 ring of protection

@: corroded, very quick
A: very small, no large weapons, unfitting armour, see invisible, speed 3
a: Renounce Religion, Potion Petition, Call Merchant, Bribe Branch


You were on level 9 of the Dungeon.
You worshipped Gozag.
Gozag was pleased with you.
You visited 2 branches of the dungeon, and saw 10 of its levels.
You also visited: Ossuary.

You collected 1016 gold pieces.
You paid 177 gold pieces to Gozag.

Inventory:

Hand Weapons
 a - a +2 spear
 k - a +0 hunting sling
 r - a +1 dagger of draining
 F - a +0 shortbow of flaming
 H - a +1 dagger of chaos
 J - a +1 dagger of venom (weapon)
Missiles
 d - 4 boomerangs
 e - 207 stones
 s - 129 sling bullets
 u - 117 arrows
 G - 9 poisoned darts
Armour
 c - a +0 robe (worn)
 y - a +0 buckler
 M - a +0 cloak (worn)
Magical Staves
 L - a staff of earth
Jewellery
 l - a ring of wizardry
 m - a ring of positive energy
 p - a +6 ring of intelligence
 t - a +4 ring of evasion (left hand)
 D - a +4 ring of protection (right hand)
 N - an amulet of the acrobat (around neck)
 Q - the ring "Egyhalijy" {Ice Drain rN+ Dex+2 SInv}
   (You found it on level 8 of the Dungeon)

   [ring of ice]

   It enhances your ice magic.
   Dex:       It affects your dexterity (+2).
   rF:        It makes you vulnerable to fire.
   rC:        It protects you from cold.
   rN:        It protects you from negative energy.
   SInv:      It lets you see invisible.
   Drain:     It drains your maximum health when unequipped.
Wands
 i - a wand of flame (32)
 w - a wand of polymorph (7)
 P - a wand of mindburst (22)
Scrolls
 f - 3 scrolls of amnesia
 h - 2 scrolls of blinking
 o - a scroll of noise
 v - 3 scrolls of immolation
 x - a scroll of teleportation
 C - a scroll of torment
 E - a scroll of magic mapping {unknown}
 O - a scroll of fog
Potions
 b - 4 potions of curing
 g - a potion of magic
 j - a potion of invisibility {unknown}
 n - 5 potions of flight
 q - 2 potions of attraction
 z - 4 potions of brilliance
 A - 2 potions of heal wounds {unknown}
 B - 3 potions of berserk rage {unknown}
 I - 3 potions of haste {unknown}
 K - a potion of lignification {unknown}


   Skills:
 - Level 1.5 Fighting
 + Level 9.4 Dodging
 - Level 3.0 Stealth
 + Level 4.6 Shields
 - Level 4.0 Spellcasting
 + Level 5.4 Conjurations
 - Level 5.0 Transmutations
 + Level 5.5 Fire Magic
 + Level 5.7 Poison Magic
 - Level 1.3 Evocations


You had 9 spell levels left.
You knew the following spells:

 Your Spells              Type           Power      Damage    Failure   Level
a - Sting                 Tmut/Pois      68%        1d6       2%          1
b - Sticky Flame          Conj/Fire      18%        2d4       21%         4
c - Ignite Poison         Fire/Tmut/Pois 18%        N/A       6%          3

Your spell library contained the following spells:

 Spells                   Type           Power      Damage    Failure   Level
 Wereblood                Tmut           16%        N/A       3%          2
 Conjure Flame            Conj/Fire      18%        6-21      6%          3
 Sublimation of Blood     Necr           1%         N/A       28%         2
 Summon Hydra             Summ           1%         N/A       100%        7


Dungeon Overview and Level Annotations

Branches:
Dungeon (9/15)             Temple (1/1) D:5         Ossuary (visited)
   Lair: D:8-11         Orc: D:9-12

Altars:
Ashenzari
Cheibriados
Dithmenos
Elyvilon
Fedhas
Gozag
Hepliaklqana
Kikubaaqudgha
Makhleb
Nemelex Xobeh
Okawaru
Qazlal
Ru
Trog
Vehumet
Wu Jian
Zin
The Shining One

Shops:
D:2 =

Annotations:
D:7 2 runed translucent doors, exclusion: orange crystal statue


Innate Abilities, Weirdness & Mutations

You are very small and have problems with some larger weapons.
You are too small for most types of armour.
You have supernaturally acute eyesight. (SInv)
You cover ground extremely quickly. (Speed+++)


Message History

* * * LOW HITPOINT WARNING * * *
The centaur zombie completely misses you. x2
The acid dragon completely misses you. x2
Found a rapier.
Found an escape hatch in the ceiling.
Found a leather armour.
There is an escape hatch in the ceiling here.
A mysterious force pulls you upwards. The hatch slams shut behind you.
You feel a little less agile now.
Magic restored.
Your magical contamination has completely faded away.
HP restored.
Done exploring.
There is a stone staircase leading down here.
You climb downwards.
There is a stone staircase leading up here.
An acid dragon is nearby!
The acid dragon completely misses you. x2
You hit the acid dragon.
The acid dragon is lightly wounded.
The acid dragon spits acid at you. The splash of acid hits you!
The acid corrodes you!
You are splashed with acid!
You closely miss the acid dragon.
The acid dragon is lightly wounded.
The acid dragon misses you. The acid dragon closely misses you.
You hit the acid dragon but do no damage.
The acid dragon is lightly wounded.
The acid dragon completely misses you. The acid dragon misses you.
You hit the acid dragon but do no damage.
The acid dragon is lightly wounded.
The acid dragon misses you. x2
You hit the acid dragon but do no damage.
The acid dragon is poisoned.
The acid dragon is lightly wounded.
The acid dragon spits acid at you. The splash of acid hits you!
* * * LOW HITPOINT WARNING * * *
The acid corrodes you!
You are splashed with acid!
You die...
Your body crumbles into a pile of gold.

...#.)....[.....[...
...##.............##.
..........D......##.. ..
...#............###.. ....
......###......# #.# ....
#.....#.......# ## #
#.#..####........#...#
.###..#..[##.D...........#
###...#...##....@..<...Z)....#
#...#.....###.................
#...#............#..#..........#
...#..#........#.##....##.......#
......#.###.##.#.###..## ........
##......#..............#..... #.
......<....##.....#...###.#.####.
...........###$..##..####....#.#.
###[.......# #...##..............


You could see an acid dragon (very poisoned, catching breath) and a centaur
zombie.

Vanquished Creatures
  A two-headed ogre (D:8)
  Joseph (D:7)
  An unseen horror (D:8)
  Psyche (D:9)
  A troll (D:5)
  A redback (shapeshifter) (D:9)
  A wyvern (D:9)
  Grum (D:8)
  A hog (shapeshifter) (D:9)
  A steam dragon (D:8)
  Menkaure (D:5)
  An acid dragon (D:9)
  2 ice beasts
  An orc warrior (D:8)
  3 black bears
  3 wolves (D:8)
  An ogre (D:6)
  2 centaurs
  2 phantoms
  3 bullfrogs
  A kobold brigand (D:5)
  3 scorpions
  A wyvern zombie (D:6)
  3 killer bees (D:9)
  2 wights (Ossuary)
  A howler monkey (D:8)
  3 centaur zombies
  2 jellies (D:5)
  2 hounds (D:6)
  A bullfrog skeleton (D:5)
  An orc priest (D:4)
  2 iguanas (D:5)
  8 orc wizards
  2 killer bee zombies
  5 adders
  A shadow imp (D:6)
  A white imp (D:4)
  2 adder zombies (Ossuary)
  3 worms
  6 dart slugs
  25 orcs
  3 ball pythons
  9 bats
  10 endoplasms
  3 giant cockroaches (D:2)
  6 goblins
  6 hobgoblins
  12 kobolds
  4 quokkas
  3 frilled lizards
  A hobgoblin skeleton (Ossuary)
  A hobgoblin zombie (Ossuary)
  3 kobold zombies (Ossuary)
  An orc zombie (Ossuary)
  5 rats
171 creatures vanquished.

Vanquished Creatures (others)
  An orc wizard (D:8)
  2 orcs (D:8)
  3 fungi (D:5)
  6 toadstools (D:5)
12 creatures vanquished.

Grand Total: 183 creatures vanquished

Notes
Turn   | Place    | Note
-------+----------+-------------------------------------------
     0 | D:1      | Descartes the Spriggan Wanderer began the quest for the
                  | Orb.
     0 | D:1      | Descartes set off with the following items: a +2 spear, a
                  | potion of curing, a +0 robe, a +0 dagger; and the following
                  | spell memorised: Sting; and the following spells available
                  | to memorise: Ignite Poison
     0 | D:1      | Reached XP level 1. HP: 10/10 MP: 6/6
   184 | D:1      | Found a faded altar of an unknown god.
   278 | D:1      | Reached skill level 1 in Dodging
   278 | D:1      | Reached skill level 1 in Transmutations
   278 | D:1      | Reached XP level 2. HP: 14/14 MP: 8/8
   814 | D:2      | Reached skill level 1 in Poison Magic
  1411 | D:2      | Found Jaesyrph's Jewellery Emporium.
  1431 | D:2      | Reached XP level 3. HP: 16/18 MP: 9/9
  1564 | D:2      | Reached skill level 1 in Fire Magic
  1611 | D:2      | Noticed a black bear
  1654 | D:2      | Killed a black bear
  1655 | D:2      | Reached skill level 2 in Dodging
  1655 | D:2      | Reached XP level 4. HP: 22/22 MP: 6/11
  1660 | D:2      | Reached XP level 5. HP: 25/25 MP: 4/12
  2201 | D:2      | Learned a level 4 spell: Sticky Flame
  2205 | D:2      | Learned a level 3 spell: Ignite Poison
  2657 | D:3      | Reached skill level 3 in Dodging
  3645 | D:4      | Reached XP level 6. HP: 30/30 MP: 8/13
  3908 | D:4      | Found a sparkling altar of Nemelex Xobeh.
  4605 | D:5      | Entered Level 5 of the Dungeon
  4979 | D:5      | Reached skill level 4 in Dodging
  4979 | D:5      | Reached XP level 7. HP: 33/33 MP: 4/14
  5060 | D:5      | Found a staircase to the Ecumenical Temple.
  5095 | Temple   | Entered the Ecumenical Temple
  5433 | D:5      | Noticed a troll
  5449 | D:5      | Killed a troll
  5646 | D:5      | Noticed Menkaure
  5651 | D:5      | Killed Menkaure
  5652 | D:5      | Reached skill level 5 in Dodging
  5652 | D:5      | Reached skill level 5 in Transmutations
  6216 | D:4      | Reached XP level 8. HP: 29/37 MP: 15/15
  7458 | D:6      | Reached skill level 6 in Dodging
  7657 | D:6      | Reached skill level 1 in Shields
  9150 | D:6      | Reached skill level 5 in Poison Magic
  9675 | D:7      | Reached XP level 9. HP: 41/41 MP: 11/16
  9778 | D:7      | Noticed Joseph
  9789 | D:7      | Killed Joseph
  9790 | D:7      | Reached skill level 7 in Dodging
  9937 | D:7      | Found a runed translucent door.
  9942 | D:7      | Found the +10 tower shield of Ignorance {rN+ Int-4}
  9968 | D:7      | Noticed an orange crystal statue
  9982 | D:7      | Found a runed translucent door.
 10275 | D:7      | Found an opulent altar of Gozag.
 10295 | D:7      | Became a worshipper of Gozag Ym Sagoz the Greedy
 10522 | D:8      | Noticed a two-headed ogre
 10523 | D:8      | Noticed an unseen horror
 10534 | D:8      | HP: 1/41 [unseen horror (3)]
 10542 | D:8      | Killed an unseen horror
 10685 | D:8      | HP: 1/41 [something/ball of steam (16)]
 10760 | D:8      | Killed a two-headed ogre
 10761 | D:8      | Reached skill level 8 in Dodging
 10761 | D:8      | Reached skill level 5 in Conjurations
 10761 | D:8      | Reached skill level 5 in Fire Magic
 10790 | D:8      | Found a sand-covered staircase.
 10795 | Ossuary  | Entered an ossuary
 11993 | D:8      | Identified the ring "Egyhalijy" {Ice Drain rN+ Dex+2 SInv}
 12757 | D:8      | Reached XP level 10. HP: 42/46 MP: 7/17
 13174 | D:9      | Noticed Grum
 13327 | D:8      | Killed Grum
 13328 | D:8      | Reached skill level 9 in Dodging
 13808 | D:9      | Noticed Psyche
 13826 | D:9      | Killed Psyche
 14111 | D:9      | Splashed by an acid dragon's acid

Illustrated notes

Levels and vault maps discovered:
D:1:      minmay_arrival_four_loops, layout_loops_ring,
          ebering_ecumenical_altar_hall, minmay_cut_off
D:2:      layout_basic, serial_shops, nicolae_diamond_shop,
          kennysheep_crisscross
D:3:      layout_loops_ring
D:4:      layout_basic, mainiacjoe_overflow_catwalk
D:5:      layout_loops_ring, temple_pool_b, serial_park_tiny_1,
          minmay_gold_behind_fungi, kennysheep_dice, uniq_menkaure
D:6:      layout_loops_cross
D:7:      layout_loops_corners, mainiacjoe_overflow_tiny_flanked,
          chequers_guarded_unrand_ignorance, uniq_joseph
D:8:      layout_loops_cross, enter_ossuary_2
D:9:      layout_cave_pools, gammafunk_temple_overflow_claw, uniq_grum,
          uniq_psyche
Temple:   lightli_temple_of_artemis

Skill      XL: |  1  2  3  4  5  6  7  8  9 10 |
---------------+-------------------------------+-----
Dodging        | 1 2 3 4 5 6 8 9 |  9.4
Transmutations | 1 2 3 4 5 |  5.0
Poison Magic   | 1 2 3 4 5 |  5.7
Fire Magic     | 1 2 3 4 5 |  5.5
Conjurations   | 2 3 4 5 |  5.4
Shields        | 2 4 |  4.6
Fighting       | |  1.5
Stealth        | |  3.0
Spellcasting   | |  4.0
Evocations     | |  1.3

Action                   |  1- 3 |  4- 6 |  7- 9 | 10-12 || total
-------------------------+-------+-------+-------+-------++-------
Melee: Spear             |    64 |    18 |    11 |       ||    93
       Dagger            |       |       |    92 |    54 ||   146
 Fire: Hunting sling     |       |       |    87 |       ||    87
       Shortbow          |       |       |     3 |     5 ||     8
 Cast: Sting             |    13 |    95 |    73 |       ||   181
       Ignite Poison     |       |    21 |    49 |    15 ||    85
       Sticky Flame      |       |       |    28 |       ||    28
Evoke: Wand              |       |       |     2 |       ||     2
  Use: Scroll            |       |       |     6 |     5 ||    11
       Potion            |       |       |     1 |     1 ||     2
 Stab: Sleeping          |     9 |     3 |     4 |       ||    16
       Invisible         |       |       |       |     1 ||     1
Armor: Robe              |     4 |     2 |    24 |     7 ||    37
Dodge: Dodged            |    42 |    19 |   231 |   121 ||   413
